Map: [ESL] Oceanborn

Players

NightMare

  • Race: Protoss Protoss
  • Spawn Location: 11:00

Scarlett - Winner!

  • Race: Zerg Zerg
  • Spawn Location: 5:00

Event: ESL Spring 2024 Finals

VOD

Have the link to the VOD?

Description

Time

  • Played on: May 31, 2024, 6:24 p.m.
  • Length: 12:27

All games in this series

Show
View Real Time Build Order
Export as new Build Order

NightMare Protoss 

Build Orders: 1 Gate Expand, Dark Templar Rush 

Get SALT Encoding   

  12  0:00  Probe  
  13  0:15  Pylon  
  13  0:18  Probe (Chrono Boost)  
  14  0:27  Probe (Chrono Boost)  
  15  0:32  Probe (Chrono Boost)  
  16  0:39  Gateway  
  16  0:44  Probe  
  16  0:47  Assimilator  
  17  0:56  Probe  
  18  1:08  Probe  
  19  1:20  Probe  
  20  1:27  Nexus  
  20  1:36  Cybernetics Core  
  20  1:39  Probe  
  21  1:45  Assimilator  
  21  1:51  Probe  
  21  1:53  Pylon  
  22  2:03  Probe  
  23  2:12  Adept  
  23  2:15  Probe (Chrono Boost)  
  26  2:23  Warp Gate  
  26  2:26  Probe (Chrono Boost)  
  26  2:28  Twilight Council  
  27  2:31  Probe (Chrono Boost)  
  28  2:39  Probe (Chrono Boost)  
  28  2:41  Probe (Chrono Boost)  
  28  2:42  Adept  
  32  2:48  Probe (Chrono Boost)  
  32  2:49  Probe (Chrono Boost)  
  34  2:52  Robotics Facility  
  34  2:53  Probe (Chrono Boost)  
  34  2:56  Probe  
  36  3:05  Probe  
  36  3:08  Probe  
  36  3:09  Dark Shrine  
  38  3:17  Probe  
  39  3:20  Stalker  
  39  3:21  Probe  
  42  3:29  Gateway  
  42  3:30  Probe  
  42  3:33  Probe  
  44  3:36  Pylon  
  44  3:39  Gateway  
  44  3:43  Gateway  
  44  3:48  Warp Prism (Chrono Boost)  
  46  4:00  Probe x2  
  48  4:09  Assimilator  
  46  4:11  Assimilator  
  46  4:12  Adept, Probe x2  
  46  4:16  Pylon  
  50  4:18  Pylon  
  50  4:26  Probe x2  
  52  4:36  Pylon  
  52  4:38  Dark Templar x3  
  52  4:44  Nexus  
  58  4:49  Probe  
  58  4:50  Probe  
  60  4:55  Observer, Blink (Chrono Boost)  
  60  4:57  Shield Battery  
  61  5:07  Gateway x2  
  61  5:09  Probe x2  
  63  5:15  Stalker  
  63  5:20  Stalker  
  67  5:23  Stalker  
  67  5:26  Stalker  
  71  5:30  Probe x2  
  71  5:32  Pylon  
  73  5:42  Probe x2, Pylon  
  75  5:45  Forge  
  75  5:47  Observer  
  75  5:52  Stalker x2  
  75  5:54  Probe  
  80  6:00  Stalker x2  
  80  6:01  Observer, Probe  
  80  6:03  Probe  
  86  6:09  Stalker x2  
  90  6:12  Probe  
  90  6:14  Probe  
  90  6:15  Probe  
  93  6:28  Stalker x4  
  93  6:30  Probe, Pylon  
  100  6:36  Stalker x2  
  104  6:46  Robotics Facility  
  104  6:47  Pylon  
  104  6:49  Probe x3  
  107  6:56  Assimilator  
  107  6:58  Assimilator  
  107  7:01  Protoss Ground Weapons Level 1  
  107  7:04  Stalker x4  
  107  7:05  Probe x3  
  118  7:12  Stalker  
  118  7:13  Stalker  
  122  7:23  Probe x2  
  124  7:35  Pylon  
  124  7:37  Pylon  
  124  7:38  Robotics Bay, Pylon  
  124  7:43  Shield Battery  
  124  7:50  Stalker x2  
  125  7:55  Stalker x2  
  125  7:57  Stalker x2  
  114  8:16  Stalker x2  
  114  8:19  Stalker  
  108  8:20  Stalker  
  108  8:25  Shield Battery  
  108  8:26  Disruptor (Chrono Boost)  
  108  8:27  Disruptor (Chrono Boost), Pylon  
  107  8:30  Pylon  
  109  8:34  Probe  
  109  8:35  Probe x2  
  112  8:47  Stalker x4  
  112  8:51  Probe x2  
  99  8:56  Stalker  
  99  8:57  Stalker  
  87  9:13  Stalker x4  
  87  9:15  Probe  
  87  9:16  Probe  
  87  9:20  Stalker  
  79  9:28  Probe x2  
  73  9:38  Stalker x3  
  73  9:41  Stalker  
  75  9:49  Stalker x2  
  73  10:08  Nexus  
  73  10:11  Observer  
  73  10:14  Disruptor x2 (Chrono Boost)  
  73  10:20  Probe x2  
  83  10:30  Stalker x2  
  83  10:35  Shield Battery  
  87  10:40  Stalker  
  88  10:51  Nexus  
  88  10:55  Disruptor (Chrono Boost)  
  92  10:59  Disruptor (Chrono Boost)  
  96  11:04  Probe  
  96  11:06  Probe  
  98  11:20  Probe x2  
  98  11:23  Disruptor x2 (Chrono Boost)  
  108  11:35  Probe x2, Pylon  
  108  11:38  Shield Battery  
  110  11:50  Pylon  
  110  11:59  Stalker  
  110  12:00  Stalker  
  85  12:12  Stalker x2  
Show
View Real Time Build Order
Export as new Build Order

Scarlett Zerg - Winner!

Build Orders: Hatch First 

Get SALT Encoding   

  12  0:00  Drone  
  13  0:08  Drone  
  14  0:14  Extractor  
  14  0:15  Drone  
  15  0:21  Overlord  
  15  0:44  Hatchery  
  15  0:47  Drone  
  15  0:50  Drone  
  15  0:54  Drone  
  17  0:58  Drone  
  18  1:08  Extractor  
  17  1:13  Spawning Pool  
  17  1:17  Drone  
  17  1:21  Drone  
  18  1:31  Drone  
  19  1:41  Drone  
  20  1:51  Drone  
  21  1:56  Drone  
  21  2:00  Queen  
  21  2:01  Queen  
  26  2:10  Drone  
  26  2:15  Hatchery  
  26  2:20  Overlord  
  26  2:25  Metabolic Boost  
  26  2:29  Drone  
  27  2:31  Drone  
  28  2:40  Drone x4  
  32  2:47  Queen  
  32  2:51  Overlord  
  34  2:55  Zergling x2  
  34  2:57  Zergling x2  
  36  3:07  Overlord  
  36  3:10  Drone x4  
  40  3:15  Queen  
  42  3:22  Drone x2  
  42  3:25  Queen  
  46  3:27  Queen  
  48  3:34  Roach Warren  
  48  3:38  Extractor  
  47  3:41  Drone x4  
  47  3:45  Drone x2  
  53  3:49  Overlord  
  53  3:51  Zergling x4  
  54  4:01  Spore Crawler  
  51  4:04  Drone x5  
  55  4:10  Overlord  
  55  4:11  Drone  
  55  4:14  Spore Crawler  
  55  4:19  Drone x4  
  59  4:26  Lair  
  59  4:28  Drone x2  
  61  4:35  Zergling x10  
  61  4:37  Spore Crawler  
  64  4:44  Drone x5  
  69  4:51  Drone x4  
  73  4:53  Extractor  
  73  4:58  Drone  
  73  4:59  Overlord  
  73  5:02  Extractor  
  73  5:04  Overlord, Extractor  
  73  5:05  Drone x5, Extractor  
  73  5:06  Extractor  
  73  5:10  Overlord, Baneling Nest  
  73  5:11  Drone  
  73  5:15  Drone, Overlord  
  73  5:21  Drone x6  
  75  5:24  Overseer  
  80  5:29  Glial Reconstitution  
  80  5:39  Roach x5  
  87  5:43  Zergling x2, Roach  
  87  5:44  Zergling x2, Roach  
  93  5:50  Drone x7  
  93  5:55  Centrifugal Hooks, Overlord x2  
  100  6:01  Overlord  
  100  6:05  Roach x2  
  100  6:06  Zergling x2  
  105  6:16  Hatchery  
  104  6:19  Roach  
  104  6:20  Roach x5  
  116  6:30  Roach x3  
  116  6:31  Overlord x2  
  121  6:33  Overlord x2  
  121  6:46  Overlord  
  121  6:50  Roach x8  
  137  6:56  Roach  
  137  6:58  Ravager x7  
  137  7:00  Zergling x8  
  150  7:06  Zergling x8  
  153  7:12  Roach x2  
  157  7:17  Zergling x6  
  157  7:18  Baneling  
  157  7:19  Baneling x11  
  160  7:24  Zergling x4  
  167  7:30  Zergling x2, Roach x3  
  167  7:32  Overseer x2  
  168  7:39  Overlord  
  168  7:40  Overlord x3  
  167  7:48  Zergling x8  
  164  7:53  Zergling x12  
  163  7:58  Roach x4  
  163  8:02  Roach  
  163  8:03  Ravager, Roach  
  163  8:05  Baneling x7  
  170  8:10  Roach x5  
  176  8:13  Roach  
  176  8:14  Roach  
  176  8:19  Baneling x13  
  180  8:20  Zergling x4  
  173  8:27  Zergling x12  
  173  8:29  Zergling x2  
  173  8:30  Zergling x2  
  173  8:31  Baneling x3  
  173  8:32  Ravager  
  173  8:33  Zergling x4  
  172  8:38  Zergling x8  
  172  8:47  Zergling x10  
  168  8:53  Roach x4  
  168  8:55  Ravager x3  
  166  8:56  Zergling x10  
  170  9:09  Infestation Pit  
  147  9:10  Zergling x2, Roach x7  
  155  9:17  Zergling x8  
  155  9:18  Evolution Chamber  
  140  9:27  Zergling x2, Roach x6  
  140  9:28  Zergling x2  
  138  9:39  Roach x4  
  143  9:51  Hive  
  143  9:52  Zerg Missile Weapons Level 1  
  137  9:54  Zergling x2, Roach x7  
  137  9:55  Drone  
  137  9:56  Drone  
  154  10:04  Evolution Chamber  
  153  10:08  Zergling x16  
  161  10:16  Overlord x3  
  161  10:24  Overlord  
  161  10:29  Overlord  
  161  10:35  Zergling x20  
  171  10:45  Zergling x12  
  174  10:52  Zergling x10  
  174  10:53  Ravager x5  
  174  10:54  Zergling x6  
  184  10:58  Hatchery  
  184  11:03  Zergling x10  
  188  11:11  Zergling x2  
  188  11:12  Zergling x6  
  188  11:15  Spore Crawler  
  188  11:16  Zergling x4  
  191  11:19  Viper  
  191  11:20  Viper  
  197  11:30  Baneling x19  
  197  11:31  Baneling  
  197  11:32  Zergling x2  
  198  11:40  Baneling x11  
  198  11:47  Zergling x4  
  198  12:00  Zergling x2  
  198  12:01  Zergling x30  
  187  12:07  Zergling x8  
Tags
 
Add a new tag
Caveats
  • Supply blocks, unpowered buildings, or Contaminate may cause inaccurate times.
  • Supply counts are checked every 10 seconds.